[Event "Thursday 18 January Rapid Engine Tour 12+1 Rounds 9 Starts 1600 ST"]
[Site "Infinity Chess"]
[Date "2018.1.18"]
[Round "7"]
[White "star99"]
[Black "Zor"]
[Result "1/2-1/2 "]
[ECO "A50"]
[WhiteElo "2398"]
[BlackElo "2432"]
[WhiteEngine "Cryptic AIL V1"]
[BlackEngine "Cryptic AIL V1"]
[EventType "Swiss"]
[WhiteTeam ""]
[BlackTeam ""]
[PlyCount "229"]
[TimeControl "720+1"]

1. d4 Nf6 2. c4 c6 3. Nc3 d5 4. Nf3 e6 5. Bg5 h6 6. Bh4 dxc4 7. e4 b5 8. e5 g5 
9. Nxg5 hxg5 10. Bxg5 Nbd7 11. exf6 Bb7 12. h4 Qa5 13. a4 b4 14. Ne4 Nb6 
15. g3 c5 16. Bg2 Rd8 17. O-O cxd4 18. Qf3 Rd7 19. Qf4 c3 20. Qb8+ Nc8 
21. Nc5 Bxc5 22. Bxb7 O-O 23. Qf4 Bd6 24. Qe4 Qf5 25. Qxf5 exf5 26. Ba6 Nb6 
27. Bd3 b3 28. a5 Nd5 29. Bxf5 Rc7 30. Ra4 Be5 31. bxc3 Rxc3 32. Be4 Rd8 
33. Rb1 d3 34. Kg2 Nxf6 35. Bf5 Rc5 36. Be3 Rb5 37. Bd2 Ne8 38. a6 b2 
39. Be3 Bf6 40. Be4 d2 41. Rd1 Nc7 42. Bb1 Rbd5 43. Rg4+ Kh8 44. Rb4 Nxa6 
45. Rc4 Be5 46. Bg5 f6 47. Be3 R5d7 48. Ra4 Nc7 49. Rxa7 Nd5 50. Rxd7 Rxd7 
51. Bf5 Nxe3+ 52. fxe3 Rd5 53. Be4 Rd8 54. Bf5 Rg8 55. g4 Bc3 56. Kf3 Kg7 
57. Ke2 Rh8 58. Rh1 Bb4 59. Bc2 Rc8 60. Kd3 Rd8+ 61. Ke2 Rc8 62. Kd3 Rd8+ 
63. Ke2 Rh8 64. Bf5 Ba5 65. Bc2 Rc8 66. Kd3 Rb8 67. Rb1 Rd8+ 68. Ke2 Bc3 
69. Rg1 Rh8 70. Kd3 Bb4 71. Rb1 Rd8+ 72. Ke2 Bc3 73. Rf1 Rh8 74. Kd3 Be5 
75. g5 Rd8+ 76. Ke2 fxg5 77. hxg5 Bc3 78. g6 Rd5 79. Rf7+ Kg8 80. Rf1 Rd7 
81. Rh1 Kf8 82. Kd1 Rc7 83. Ke2 Rc6 84. Rf1+ Kg8 85. Rb1 Rd6 86. Rg1 Kg7 
87. Rb1 Kg8 88. Rf1 Rd8 89. Rb1 Ra8 90. Rg1 Ra7 91. Kd3 Rc7 92. Rb1 Kg7 
93. Ke2 Kg8 94. Rg1 Ba5 95. Kd3 Rd7+ 96. Ke2 Bc3 97. Bd3 Bb4 98. Rb1 Kg7 
99. Bc2 Bc3 100. Rg1 Rd5 101. Rh1 Bb4 102. Rh7+ Kg8 103. Rh1 Rc5 104. Bb3+ Kg7 
105. Rb1 Bc3 106. Bc2 Rc6 107. Bd3 Rd6 108. Bc2 Rf6 109. Rh1 Kg8 110. Rg1 Kg7 
111. Rh1 Kg8 112. Bd3 Rb6 113. Bb1 Rb5 114. Be4 Rb4 115. Bc2 1/2-1/2

[Event "Thursday 18 January Rapid Engine Tour 12+1 Rounds 9 Starts 1600 ST"]
[Site "Infinity Chess"]
[Date "2018.1.18"]
[Round "7"]
[White "MGR"]
[Black "Thinker"]
[Result "1/2-1/2"]
[ECO "A02"]
[WhiteElo "2462"]
[BlackElo "2446"]
[WhiteEngine "asmFishW_2017-11-19_bmi2"]
[BlackEngine "BrainFish_180113_x64_modern_CTG"]
[EventType "Swiss"]
[WhiteTeam ""]
[BlackTeam ""]
[PlyCount "128"]
[TimeControl "720+1"]

1. f4 Nf6 2. Nf3 d5 3. g3 g6 4. Bg2 Bg7 5. O-O O-O 6. d3 c5 7. Qe1 Nc6 8. e4 b6 
9. Ne5 Nb4 10. Qe2 dxe4 11. dxe4 Ba6 12. c4 Nd7 13. Nf3 Nf6 14. e5 Ng4 
15. Nc3 Qd3 16. Qxd3 Nxd3 17. Nd5 Bxc4 18. Nxe7+ Kh8 19. Nd2 Be6 20. Bxa8 Rxa8 
21. Ne4 Bf8 22. f5 gxf5 23. Nxf5 Ngxe5 24. Bg5 Bd5 25. Nfd6 Bxd6 26. Nxd6 Kg8 
27. Rad1 c4 28. Rd2 h6 29. Be7 Rb8 30. Bf6 Nf3+ 31. Rxf3 Bxf3 32. Nxc4 Nc5 
33. Ne5 Ne4 34. Rd8+ Rxd8 35. Bxd8 Nd2 36. Kf2 Bd5 37. b3 Kg7 38. Bc7 Bb7 
39. Nd3 Kf6 40. Bb8 a6 41. Bf4 Ne4+ 42. Ke3 h5 43. Bc7 b5 44. Kf4 Kg6 45. h4 Nc3 
46. Nb4 f6 47. Ke3 Kf5 48. Kd4 Ne2+ 49. Ke3 Nc3 50. Kd4 Ne2+ 51. Kd3 Ng1 
52. Ke3 Kg4 53. Nd3 Bc6 54. Nc5 a5 55. a4 bxa4 56. bxa4 Nh3 57. Ne4 Kf5 
58. Nd6+ Kg4 59. Bxa5 Bxa4 60. Be1 Bc6 61. Bc3 Kxg3 62. Ne4+ Kg4 63. Nxf6+ Kxh4 
64. Ne4 Bxe4 1/2-1/2

[Event "Thursday 18 January Rapid Engine Tour 12+1 Rounds 9 Starts 1600 ST"]
[Site "Infinity Chess"]
[Date "2018.1.18"]
[Round "7"]
[White "Harry_Potter"]
[Black "angriff"]
[Result "1/2-1/2"]
[ECO "B00"]
[WhiteElo "2472"]
[BlackElo "2452"]
[WhiteEngine "Stockfish_18011309_x64_bmi2_CTG"]
[BlackEngine "Raubfisch ME262_GTZ16b2_CTG"]
[EventType "Swiss"]
[WhiteTeam ""]
[BlackTeam ""]
[PlyCount "171"]
[TimeControl "720+1"]

1. e4 Nc6 2. d4 d5 3. Nc3 dxe4 4. d5 Nb8 5. Nxe4 c6 6. Bc4 cxd5 7. Qxd5 Qxd5 
8. Bxd5 e6 9. Bc4 Bd7 10. Ne2 Bc6 11. Bd3 Nf6 12. Nxf6+ gxf6 13. O-O Bc5 
14. Bd2 Rg8 15. Ng3 Rg4 16. Rfe1 Na6 17. a3 O-O-O 18. b4 Bd4 19. Rab1 b5 
20. Be2 Rgg8 21. c4 Nc7 22. cxb5 Bxb5 23. Bxb5 Nxb5 24. Rbc1+ Kb7 25. a4 Nc7 
26. Rc2 f5 27. Nxf5 exf5 28. Re7 Bb6 29. a5 Rge8 30. Rxe8 Nxe8 31. axb6 axb6 
32. Kf1 Rd4 33. Ke2 Nd6 34. g3 Nb5 35. Rb2 Kc6 36. Ra2 Re4+ 37. Kf1 Rd4 
38. h4 Nc7 39. Ke2 Kb7 40. h5 Nd5 41. Rb2 Re4+ 42. Kf3 b5 43. Rc2 Rc4 
44. Ra2 Rd4 45. Ke2 Re4+ 46. Kd1 f4 47. gxf4 Nxb4 48. Ra5 Kb6 49. Ra8 Nd5 
50. Rh8 Nf6 51. Rb8+ Kc6 52. Be3 Nd5 53. Rh8 Nxe3+ 54. fxe3 Rxe3 55. Rxh7 Rh3 
56. Rxf7 Rxh5 57. f5 Kd6 58. f6 Ke6 59. Rb7 Kxf6 60. Rb6+ Ke7 61. Kc1 Kd7 
62. Kc2 Kc7 63. Ra6 Rc5+ 64. Kb3 Rc6 65. Ra7+ Kb6 66. Ra1 Rh6 67. Ra8 Rh3+ 
68. Kb4 Rh2 69. Rb8+ Kc7 70. Ra8 Rb2+ 71. Kc3 Rf2 72. Ra1 Kc6 73. Kb3 Kc5 
74. Rc1+ Kd4 75. Ra1 Rh2 76. Rd1+ Kc5 77. Rc1+ Kd6 78. Ra1 Kc5 79. Rc1+ Kd4 
80. Ra1 Rg2 81. Rd1+ Kc5 82. Rc1+ Kb6 83. Ra1 Kc5 84. Rc1+ Kd4 85. Ra1 Kc5 
86. Rc1+ 1/2-1/2

[Event "Thursday 18 January Rapid Engine Tour 12+1 Rounds 9 Starts 1600 ST"]
[Site "Infinity Chess"]
[Date "2018.1.18"]
[Round "7"]
[White "ocirema"]
[Black "Satria_Ungu"]
[Result "1/2-1/2"]
[ECO "A40"]
[WhiteElo "2428"]
[BlackElo "2397"]
[WhiteEngine "stockfish_18011309_x64_modern_CTG"]
[BlackEngine "Houdini 6_CTG"]
[EventType "Swiss"]
[WhiteTeam ""]
[BlackTeam ""]
[PlyCount "331"]
[TimeControl "720+1"]

1. d4 c6 2. e4 d5 3. e5 c5 4. Nf3 cxd4 5. Nxd4 Nc6 6. Nxc6 bxc6 7. Bd3 e6 
8. Nc3 Qc7 9. Qe2 Ne7 10. O-O Ng6 11. f4 Be7 12. Bd2 O-O 13. Rf3 f5 14. Rh3 Rf7 
15. b3 c5 16. Nb5 Qb6 17. Qf2 Bb7 18. Bf1 a6 19. Nc3 Bc6 20. Kh1 Rc8 21. Nd1 Rc7 
22. Be2 Rf8 23. Kg1 Rfc8 24. c4 d4 25. Bf3 Ra7 26. Bxc6 Qxc6 27. Nb2 Nh8 
28. Rc1 Nf7 29. Re1 g6 30. Rd3 Raa8 31. h3 Rab8 32. g4 Kh8 33. Qg2 Qc7 34. g5 h5 
35. Rb1 Nd8 36. Rd1 Nc6 37. Be1 Nb4 38. Bxb4 Rxb4 39. Qf3 Bd8 40. Ra1 Qd7 
41. Rad1 Ba5 42. a3 Rbb8 43. h4 Qc7 44. Na4 Rd8 45. Kh2 Rd7 46. Kg2 Qc8 
47. Kf2 Kg8 48. Kg3 Qc7 49. Kh2 Kg7 50. Qe2 Qc8 51. Kg2 Rbb7 52. Kg3 Kf7 
53. Kg2 Qc7 54. Kf2 Re7 55. Kg3 Qc8 56. Kg2 Rb8 57. Qf3 Rd7 58. Kf2 Kg7 
59. Ke2 Kg8 60. Rc1 Bd8 61. Rb1 Be7 62. Kd1 Rdb7 63. Kc1 Qd7 64. Kc2 Kg7 
65. Rbd1 a5 66. Re1 Rd8 67. Kb2 Rbb8 68. Ka2 Qc7 69. Kb2 Rh8 70. Rdd1 Qc8 
71. Rd2 Qa6 72. Rc1 Rhd8 73. Rd3 Rdc8 74. Kc2 Re8 75. Rdd1 Qc8 76. Rb1 Qd7 
77. Nc3 Rh8 78. a4 Rb4 79. Nb5 Re8 80. Ra1 Bf8 81. Rd2 Rb8 82. Kb2 Qd8 
83. Qc6 Rb6 84. Qg2 Kh7 85. Rd3 Bg7 86. Rdd1 Qc8 87. Qh1 Qa6 88. Rd3 Rb8 
89. Rad1 Qb6 90. Qf3 Bf8 91. Ka2 Kg8 92. R3d2 Bg7 93. Kb1 Rc8 94. Kc2 Bf8 
95. Rh2 Kf7 96. Rhd2 Rb8 97. Rc1 Be7 98. Re1 Kg7 99. Red1 Bd8 100. Kb2 Kf8 
101. Rf1 Be7 102. Rh1 Rc8 103. Rf1 Kg7 104. Ra1 Qa6 105. Qg2 Kg8 106. Rdd1 Qb6 
107. Rd3 Re8 108. Qf1 Qc6 109. Qf3 Qe4 110. Rc1 Rd8 111. Rcd1 Rf8 112. Rc1 Re8 
113. Qf1 Qc6 114. Ra1 Rd8 115. Qf3 Qxf3 116. Rxf3 Kh8 117. Nc7 Rd7 118. Nb5 Kg8 
119. Rd3 Bd8 120. Kc2 Bc7 121. Rf1 Bb8 122. Kb2 Kf7 123. Rdd1 Ke8 124. Rb1 Rb7 
125. Kc2 Bc7 126. Rfc1 Kf8 127. Rb2 Bd8 128. Rcb1 Be7 129. Kd3 Kf7 130. Kc2 Ke8 
131. Re1 Bf8 132. Ra2 Kf7 133. Rd1 Ke7 134. Nd6 Rb8 135. Rb2 Kd8 136. Nb5 Kd7 
137. Kd3 Be7 138. Ra1 Rf8 139. Rbb1 Bd8 140. Kc2 Kc6 141. Rh1 Be7 142. Raf1 Kb6 
143. Rd1 Kb7 144. Rhe1 Kc6 145. Kb2 Re8 146. Kc2 Ra8 147. Rb1 Kd7 148. Na3 Rbb8 
149. Nb5 Kc6 150. Kd3 Rb7 151. Red1 Bf8 152. Rd2 Bg7 153. Nd6 Rbb8 154. Ra2 Rb4 
155. Rbb2 Rab8 156. Nb5 Rb7 157. Rb1 Bf8 158. Re2 Bg7 159. Reb2 Bf8 160. Rf1 Rd7 
161. Rbb1 Rd8 162. Rfe1 Be7 163. Rh1 Kb6 164. Rhf1 Rb8 165. Na3 Kc6 166. Nc2 
1/2-1/2

[Event "Thursday 18 January Rapid Engine Tour 12+1 Rounds 9 Starts 1600 ST"]
[Site "Infinity Chess"]
[Date "2018.1.18"]
[Round "7"]
[White "RonWeasley"]
[Black "CrapCleaner"]
[Result "1/2-1/2"]
[ECO "C55"]
[WhiteElo "2453"]
[BlackElo "2436"]
[WhiteEngine "BrainFish 130117_CTG"]
[BlackEngine "CFish_x64_130118_N_pop_720gcc_CTG"]
[EventType "Swiss"]
[WhiteTeam ""]
[BlackTeam ""]
[PlyCount "306"]
[TimeControl "720+1"]

1. e4 e5 2. Nf3 Nc6 3. Bc4 Nf6 4. d3 Bc5 5. c3 O-O 6. O-O d6 7. Bb3 a6 
8. Nbd2 Ba7 9. h3 h6 10. Re1 Re8 11. a4 Be6 12. Bxe6 Rxe6 13. b4 d5 14. Qc2 d4 
15. Bb2 dxc3 16. Bxc3 a5 17. b5 Nb4 18. Bxb4 axb4 19. Nc4 Nd7 20. a5 Bc5 
21. Reb1 c6 22. bxc6 bxc6 23. Qa4 Qb8 24. g3 Bf8 25. Kg2 Ra6 26. Qb3 Re8 
27. h4 c5 28. Qa4 Rd8 29. Qc2 Bd6 30. Nfd2 Nf8 31. Nb3 Ne6 32. Nb6 Qa7 
33. Qc4 Kh7 34. Qb5 Qb7 35. Qc4 Rb8 36. Qd5 Qe7 37. Qc4 Qa7 38. Qb5 h5 
39. Qc4 g6 40. Qd5 Rd8 41. Rc1 Kh6 42. Qc4 Kg7 43. Na4 Bf8 44. Qb5 Rc8 
45. Nb6 Qb7 46. Qc4 Rd8 47. Kh2 Ra7 48. Na4 Rc8 49. Nb6 Rb8 50. Kg2 Qc7 
51. Nd5 Qd6 52. Rd1 Qa6 53. Nb6 Qxc4 54. Nxc4 f6 55. Kf3 Rd8 56. Nb6 Kf7 
57. Ke2 Rb8 58. Rf1 Bd6 59. Rfc1 Rd8 60. Na4 Rc8 61. Nb6 Rb8 62. Kd2 Ra6 
63. Kd1 Rh8 64. Kc2 Rb8 65. Nc4 Bc7 66. Ne3 Rba8 67. Nd5 R8a7 68. Kb2 Bd6 
69. Ne3 Rd7 70. Nd5 Rd8 71. Nb6 Bf8 72. Kc2 Bh6 73. Rcb1 Bf8 74. Rc1 Bh6 
75. Rd1 Re8 76. Nd5 Rea8 77. Re1 Rd8 78. Re2 Bg7 79. Ree1 Bh6 80. Nb6 Rh8 
81. Rad1 Rb8 82. Nc4 Bf8 83. Ra1 Bg7 84. Kb2 Bh6 85. Nb6 Rg8 86. Nd5 Rga8 
87. Kc2 Rc6 88. Kb2 Nc7 89. Nb6 Rd8 90. Kc2 Rf8 91. Nc4 Rg8 92. Rf1 Ne6 
93. Rh1 Rb8 94. Rhb1 Ra6 95. Rd1 Bf8 96. Rac1 Be7 97. Ra1 Bd6 98. Rh1 Rf8 
99. Nb6 Ke7 100. Kb2 f5 101. Rhf1 Rd8 102. Rac1 f4 103. Rg1 Kf7 104. Ra1 Be7 
105. Nd5 Bd6 106. g4 Rh8 107. Nd2 Nd4 108. Nc4 hxg4 109. Rxg4 Bb8 110. Rag1 Nf3 
111. Rh1 Ra7 112. Ndb6 Nd4 113. Ra1 Nf3 114. Na4 Re7 115. Rc1 Ba7 116. Nab6 Bb8 
117. Rh1 Nd4 118. Na4 Ne6 119. Rhg1 g5 120. Nab6 Rb7 121. hxg5 Kg6 122. R4g2 Nd4 
123. a6 Ra7 124. Ra1 Nf3 125. Nd5 Rh3 126. Ra5 Ne1 127. Rg1 Nxd3+ 128. Kb1 Nxf2 
129. Rb5 Rxa6 130. Rxb8 Nxe4 131. Rg8+ Kf7 132. Rd8 Nc3+ 133. Nxc3 Rxc3 
134. g6+ Kg7 135. Rd7+ Kg8 136. g7 Rg3 137. Rh1 Rxg7 138. Rd8+ Kf7 
139. Nxe5+ Kf6 140. Rh6+ Kxe5 141. Rxa6 Rg1+ 142. Kc2 c4 143. Re8+ Kd5 
144. Rd8+ Ke5 145. Ra5+ Ke4 146. Rf8 b3+ 147. Kc3 Rc1+ 148. Kb2 Rc2+ 
149. Kb1 Ra2 150. Re8+ Kd3 151. Rxa2 bxa2+ 152. Ka1 c3 153. Kxa2 c2 1/2-1/2

[Event "Thursday 18 January Rapid Engine Tour 12+1 Rounds 9 Starts 1600 ST"]
[Site "Infinity Chess"]
[Date "2018.1.18"]
[Round "7"]
[White "IronMan"]
[Black "neófito"]
[Result "1/2-1/2"]
[ECO "A00"]
[WhiteElo "2405"]
[BlackElo "2453"]
[WhiteEngine "Eman 1.58 64-bit BMI2"]
[BlackEngine "BrainFish_180113_x64_bmi2"]
[EventType "Swiss"]
[WhiteTeam ""]
[BlackTeam ""]
[PlyCount "106"]
[TimeControl "720+1"]

1. Nc3 d5 2. d4 Nf6 3. Bf4 e6 4. Nb5 Na6 5. e3 Be7 6. Nf3 O-O 7. c4 c5 
8. Be2 Qa5+ 9. Nc3 cxd4 10. Qxd4 Nb4 11. O-O Rd8 12. cxd5 Nbxd5 13. Be5 Nxc3 
14. Qxc3 Qxc3 15. Bxc3 Ne4 16. Rfc1 Nxc3 17. Rxc3 Bf6 18. Rc2 Bd7 19. Rac1 Rac8 
20. Rxc8 Rxc8 21. Rxc8+ Bxc8 22. Nd4 a6 23. Kf1 g5 24. g3 Kg7 25. Bd3 Be7 
26. f4 g4 27. e4 Bd6 28. e5 Bb8 29. Be4 h5 30. Nb3 b6 31. Nd4 a5 32. Ke2 f6 
33. Nc6 Bc7 34. Kd3 Bd7 35. Kc4 Bxc6 36. exf6+ Kxf6 37. Bxc6 Bd6 38. Be8 h4 
39. Ba4 h3 40. Bd1 Kf5 41. Bb3 Bc5 42. Bc2+ Kf6 43. Bd1 Kf5 44. Kb5 Bg1 
45. Bc2+ Kf6 46. Bd1 Bxh2 47. Bxg4 Bxg3 48. Bxh3 Bxf4 49. Kxb6 a4 50. Bg4 Be3+ 
51. Kb5 Bc1 52. a3 e5 53. Kxa4 Bxb2 1/2-1/2

[Event "Thursday 18 January Rapid Engine Tour 12+1 Rounds 9 Starts 1600 ST"]
[Site "Infinity Chess"]
[Date "2018.1.18"]
[Round "7"]
[White "Wolle"]
[Black "NINJA_JENGKA"]
[Result "1/2-1/2"]
[ECO "C55"]
[WhiteElo "2459"]
[BlackElo "2426"]
[WhiteEngine "Raubfisch X37a2_CTG"]
[BlackEngine "Houdini 6"]
[EventType "Swiss"]
[WhiteTeam ""]
[BlackTeam ""]
[PlyCount "81"]
[TimeControl "720+1"]

1. e4 e5 2. Nf3 Nc6 3. Bc4 Nf6 4. d3 Bc5 5. c3 d6 6. O-O h6 7. Re1 O-O 8. h3 a5 
9. Bb5 Ba7 10. Nbd2 Ne7 11. d4 exd4 12. cxd4 Bd7 13. Bd3 Nc6 14. e5 dxe5 
15. dxe5 Nd5 16. Ne4 Be6 17. Qe2 Nd4 18. Nxd4 Bxd4 19. Qh5 Qd7 20. Qh4 Rae8 
21. Ng5 Nb4 22. Bh7+ Kh8 23. Bb1 f5 24. Nxe6 Rxe6 25. a3 Rxe5 26. Rf1 Nc6 
27. Bxh6 gxh6 28. Qxh6+ Kg8 29. Ba2+ Rf7 30. Rad1 Ree7 31. b4 axb4 32. axb4 Nxb4 
33. Qg6+ Kf8 34. Bxf7 Rxf7 35. Qh6+ Rg7 36. Qh8+ Kf7 37. Qh5+ Rg6 38. Qh7+ Rg7 
39. Qh5+ Rg6 40. Qh7+ Rg7 41. Qh5+ 1/2-1/2

[Event "Thursday 18 January Rapid Engine Tour 12+1 Rounds 9 Starts 1600 ST"]
[Site "Infinity Chess"]
[Date "2018.1.18"]
[Round "7"]
[White "Dovahkiin"]
[Black "KhalidOmar"]
[Result "1/2-1/2"]
[ECO ""]
[WhiteElo "2438"]
[BlackElo "2455"]
[WhiteEngine "BrainFish_180113_x64_modern_CTG"]
[BlackEngine "Eman SL 1.63 64-bit BMI2"]
[EventType "Swiss"]
[WhiteTeam ""]
[BlackTeam ""]
[PlyCount "144"]
[TimeControl "720+1"]

1. e3 d5 2. d3 e5 3. d4 Nd7 4. dxe5 Nxe5 5. Nd2 Nf6 6. Ngf3 Nxf3+ 7. Nxf3 c6 
8. c4 Ne4 9. a3 Be6 10. Qc2 Qa5+ 11. Nd2 Bb4 12. cxd5 Bxd2+ 13. Bxd2 Qxd5 
14. Bc1 Qe5 15. Be2 Bf5 16. Bd3 O-O-O 17. O-O Ng3 18. Bxf5+ Qxf5 19. Qxf5+ Nxf5 
20. b4 Rd3 21. Bb2 Rb3 22. Rab1 f6 23. Rfd1 Ne7 24. Kf1 Nd5 25. Rdc1 Rd8 
26. h4 Re8 27. g3 Re4 28. Kg2 g6 29. Bd4 Rxa3 30. b5 Re6 31. g4 Re4 32. bxc6 b6 
33. g5 Rg4+ 34. Kf1 fxg5 35. hxg5 Rxg5 36. Ra1 Rxa1 37. Rxa1 a5 38. e4 Nb4 
39. Bxb6 Nxc6 40. Be3 Re5 41. f3 Rb5 42. Ke2 Rb2+ 43. Kd3 Rb3+ 44. Ke2 Rb2+ 
45. Kd3 Kd7 46. Kc3 Rb5 47. f4 h5 48. Bd2 Rc5+ 49. Kd3 Rb5 50. Kc4 Rb2 
51. Bxa5 Rf2 52. Rd1+ Ke6 53. Bd2 Rf3 54. Kc5 Ne7 55. Rh1 Kf7 56. Kd4 Ra3 
57. Rc1 Ke6 58. Bc3 Nc6+ 59. Kc5 Ne7 60. Kc4 h4 61. Rh1 Nc8 62. Bb4 Re3 
63. Kd4 Rb3 64. Kc4 Rxb4+ 65. Kxb4 Nd6 66. e5 Nf5 67. Rh2 Kd5 68. Kc3 g5 
69. fxg5 Kxe5 70. Rf2 h3 71. g6 Ng7 72. Kc4 Nf5 1/2-1/2

[Event "Thursday 18 January Rapid Engine Tour 12+1 Rounds 9 Starts 1600 ST"]
[Site "Infinity Chess"]
[Date "2018.1.18"]
[Round "7"]
[White "Eman"]
[Black "Katzenmaier"]
[Result "1/2-1/2"]
[ECO "C53"]
[WhiteElo "2467"]
[BlackElo "2486"]
[WhiteEngine "Eman SL 1.63 64-bit POPCNT"]
[BlackEngine "S_XPrO.251117.x64.POPCNT_CTG"]
[EventType "Swiss"]
[WhiteTeam ""]
[BlackTeam ""]
[PlyCount "65"]
[TimeControl "720+1"]

1. e4 e5 2. Nf3 Nc6 3. Bc4 Bc5 4. c3 Nf6 5. d4 exd4 6. e5 d5 7. Bb5 Ne4 
8. cxd4 Bb6 9. O-O Bg4 10. a4 a5 11. Nc3 O-O 12. Bxc6 bxc6 13. h3 Bh5 14. Be3 f6 
15. g4 Bg6 16. exf6 Qxf6 17. Ne5 Rae8 18. Nd7 Qh4 19. Nxf8 Rxf8 20. Kg2 h5 
21. Qe2 Nxc3 22. bxc3 Be4+ 23. f3 hxg4 24. fxe4 Qxh3+ 25. Kg1 Qg3+ 26. Qg2 Qxe3+ 
27. Kh1 Rxf1+ 28. Rxf1 g3 29. exd5 Qh6+ 30. Kg1 Qe3+ 31. Kh1 Qh6+ 32. Kg1 Qe3+ 
33. Kh1 1/2-1/2

[Event "Thursday 18 January Rapid Engine Tour 12+1 Rounds 9 Starts 1600 ST"]
[Site "Infinity Chess"]
[Date "2018.1.18"]
[Round "7"]
[White "Gilgamesch"]
[Black "Neoxium"]
[Result "1/2-1/2"]
[ECO "B00"]
[WhiteElo "2506"]
[BlackElo "2482"]
[WhiteEngine "BrainFish_171005_x64_bmi2"]
[BlackEngine "SF SL FA-IDeA"]
[EventType "Swiss"]
[WhiteTeam ""]
[BlackTeam ""]
[PlyCount "60"]
[TimeControl "720+1"]

1. e4 Nc6 2. d4 d5 3. e5 Bf5 4. Nf3 e6 5. c3 f6 6. Bb5 Nge7 7. exf6 gxf6 
8. Nh4 Bg6 9. O-O Qd7 10. Nd2 Nf5 11. Ndf3 O-O-O 12. Nxf5 Bxf5 13. Bf4 a6 
14. Ba4 Bd6 15. Qd2 Be4 16. Nh4 Bxf4 17. Qxf4 e5 18. Bxc6 Qxc6 19. dxe5 fxe5 
20. Qxe5 Rde8 21. Qd4 Qh6 22. f3 Qxh4 23. fxe4 Qxe4 24. Qxe4 Rxe4 25. Rad1 c6 
26. Rd4 Re2 27. Rf2 Re1+ 28. Rf1 Re2 29. Rf2 Re1+ 30. Rf1 Re2 1/2-1/2

[Event "Thursday 18 January Rapid Engine Tour 12+1 Rounds 9 Starts 1600 ST"]
[Site "Infinity Chess"]
[Date "2018.1.18"]
[Round "6"]
[White "ivrdurant"]
[Black "BraveDevil"]
[Result "1/2-1/2"]
[ECO "B90"]
[WhiteElo "2401"]
[BlackElo "2368"]
[WhiteEngine "Raubfisch X37b3._CTG"]
[BlackEngine "Cryptic AIL V1"]
[EventType "Swiss"]
[WhiteTeam ""]
[BlackTeam ""]
[PlyCount "117"]
[TimeControl "720+1"]

1. e4 c5 2. Nf3 d6 3. d4 cxd4 4. Nxd4 Nf6 5. Nc3 a6 6. Be3 e5 7. Nb3 Be7 
8. Be2 Be6 9. O-O O-O 10. Nd5 Nxe4 11. Bb6 Qd7 12. Nc7 Nc6 13. Nxa8 Rxa8 
14. c4 a5 15. a4 f5 16. f3 Nf6 17. c5 Nd5 18. cxd6 Nxb6 19. dxe7 Qxe7 
20. Bb5 Qb4 21. Nc1 Nd4 22. Kh1 Nxb5 23. axb5 Re8 24. b3 Qxb5 25. Qd3 Bd7 
26. Qxb5 Bxb5 27. Re1 a4 28. bxa4 Nxa4 29. Kg1 Kf7 30. Ra3 Re6 31. Nd3 Kf6 
32. g4 Bc6 33. gxf5 Kxf5 34. Rc1 Nb6 35. Nb4 Nd5 36. Nxc6 bxc6 37. Ra7 Kf6 
38. Rd7 h6 39. Rd8 g5 40. Kf2 Ne7 41. h3 Nf5 42. Kg2 Nd4 43. Rf8+ Kg6 
44. Kf2 Nf5 45. Rg8+ Kf7 46. Rc8 Nd4 47. Kg2 Kg7 48. Kf1 Nxf3 49. R8xc6 Nd4 
50. Rxe6 Nxe6 51. Kg2 Kg6 52. Kf3 Kf5 53. Rc8 Nf4 54. Rf8+ Kg6 55. Ke4 Nxh3 
56. Kxe5 g4 57. Re8 Kg5 58. Rd8 Kh4 59. Rd4 1/2-1/2

[Event "Thursday 18 January Rapid Engine Tour 12+1 Rounds 9 Starts 1600 ST"]
[Site "Infinity Chess"]
[Date "2018.1.18"]
[Round "6"]
[White "OlivierEvan"]
[Black "Satria_Ungu"]
[Result "0-1"]
[ECO "A40"]
[WhiteElo "2397"]
[BlackElo "2380"]
[WhiteEngine "Houdini 6"]
[BlackEngine "Houdini 6_CTG"]
[EventType "Swiss"]
[WhiteTeam ""]
[BlackTeam ""]
[PlyCount "146"]
[TimeControl "720+1"]

1. d4 c6 2. e4 d5 3. e5 c5 4. Nf3 cxd4 5. Nxd4 Nc6 6. Nxc6 bxc6 7. Bd3 e6 
8. O-O Ne7 9. Be3 Ng6 10. f4 c5 11. b3 Qc7 12. g3 Be7 13. Nd2 O-O 14. h4 f6 
15. Nf3 Bb7 16. Bd2 Nxe5 17. fxe5 c4 18. Be2 fxe5 19. Kh2 c3 20. Bc1 d4 
21. a4 a6 22. a5 Rf7 23. Bg5 Raf8 24. Bxe7 Qxe7 25. Kh3 Qd8 26. Qd3 e4 
27. Qxd4 exf3 28. Qxd8 Rxd8 29. Bd3 h5 30. Rae1 Rxd3 31. cxd3 Rd7 32. Rf2 Rxd3 
33. g4 Bd5 34. Kg3 hxg4 35. Kxg4 Kf7 36. Kg3 Kf6 37. Rc2 Bxb3 38. Rf2 Bd5 
39. Rc2 Kf5 40. Rec1 Rd4 41. Rxc3 Rg4+ 42. Kf2 Rg2+ 43. Kf1 Rh2 44. Rc7 g6 
45. R1c2 Rxh4 46. Kf2 g5 47. Ke3 Ra4 48. Rf7+ Kg4 49. Rc1 Re4+ 50. Kd3 Re2 
51. Rg1+ Rg2 52. Rf1 Kg3 53. Kd4 g4 54. Kd3 e5 55. Rf8 e4+ 56. Kc3 e3 57. Re8 f2 
58. Rxe3+ Bf3 59. Ree1 fxe1=Q+ 60. Rxe1 Re2 61. Rf1 Kg2 62. Rb1 g3 63. Rb6 Kf2 
64. Rxa6 g2 65. Rf6 g1=Q 66. Rxf3+ Kxf3 67. Kc4 Ra2 68. Kb5 Rxa5+ 69. Kxa5 Qb1 
70. Ka4 Ke4 71. Ka3 Kd3 72. Ka4 Kc4 73. Ka3 Qa1# 0-1

[Event "Thursday 18 January Rapid Engine Tour 12+1 Rounds 9 Starts 1600 ST"]
[Site "Infinity Chess"]
[Date "2018.1.18"]
[Round "6"]
[White "Thinker"]
[Black "star99"]
[Result "1/2-1/2"]
[ECO "B90"]
[WhiteElo "2448"]
[BlackElo "2396"]
[WhiteEngine "BrainFish_180113_x64_modern_CTG"]
[BlackEngine "Cryptic AIL V1"]
[EventType "Swiss"]
[WhiteTeam ""]
[BlackTeam ""]
[PlyCount "93"]
[TimeControl "720+1"]

1. e4 c5 2. Nf3 d6 3. d4 cxd4 4. Nxd4 Nf6 5. Nc3 a6 6. Be3 e5 7. Nb3 Be7 
8. Be2 Be6 9. Qd3 Nc6 10. a3 Rc8 11. Nd5 O-O 12. Rd1 Bxd5 13. exd5 Na5 
14. Nxa5 Qxa5+ 15. b4 Qa4 16. c4 e4 17. Qd4 Qxa3 18. O-O Qa4 19. h3 Qd7 
20. Rb1 Rfe8 21. Rfd1 h6 22. Rbc1 Red8 23. Qb2 Nh7 24. Qd4 f5 25. c5 Bf6 
26. Qd2 Be5 27. c6 Qe7 28. f3 exf3 29. Bd3 Qf7 30. gxf3 bxc6 31. Rxc6 Qh5 
32. f4 Bc3 33. Qc2 Qxh3 34. Bf2 Qg4+ 35. Kf1 Qh5 36. Bxf5 Rxc6 37. Bxh7+ Kh8 
38. dxc6 Qh1+ 39. Ke2 Qh5+ 40. Kd3 Bxb4 41. Bd4 Rc8 42. Ke3 Qh3+ 43. Kf2 Qh2+ 
44. Kf3 Qh3+ 45. Kf2 Qh2+ 46. Kf3 Qh3+ 47. Kf2 1/2-1/2

[Event "Thursday 18 January Rapid Engine Tour 12+1 Rounds 9 Starts 1600 ST"]
[Site "Infinity Chess"]
[Date "2018.1.18"]
[Round "6"]
[White "Zor"]
[Black "angriff"]
[Result "1/2-1/2"]
[ECO "A41"]
[WhiteElo "2431"]
[BlackElo "2453"]
[WhiteEngine "Cryptic AIL V1"]
[BlackEngine "Raubfisch ME262_GTZ16b2_CTG"]
[EventType "Swiss"]
[WhiteTeam ""]
[BlackTeam ""]
[PlyCount "81"]
[TimeControl "720+1"]

1. d4 d6 2. Nf3 Nf6 3. c4 g6 4. Nc3 Bg7 5. e4 O-O 6. Be2 e5 7. O-O exd4 
8. Nxd4 Re8 9. f3 Nc6 10. Be3 Nxd4 11. Bxd4 c6 12. Qd2 Be6 13. Rab1 Qe7 
14. Rbd1 Rad8 15. Rfe1 Nh5 16. Be3 Qc7 17. Bg5 Qb6+ 18. Kh1 Rd7 19. Na4 Qc7 
20. Rc1 Bf6 21. g4 Bxg5 22. Qxg5 Ng7 23. Nc3 Qd8 24. Qh6 a6 25. f4 f5 
26. exf5 gxf5 27. Bd3 Rf7 28. Rcd1 b5 29. b3 bxc4 30. bxc4 Qa5 31. gxf5 Bxf5 
32. Rxe8+ Nxe8 33. Rg1+ Rg7 34. Rxg7+ Nxg7 35. Bxf5 Qxf5 36. Qxd6 Qh3 
37. Qd8+ Kf7 38. Qc7+ Kg8 39. Qb8+ Kf7 40. Qb7+ Kf8 41. Qb4+ 1/2-1/2

[Event "Thursday 18 January Rapid Engine Tour 12+1 Rounds 9 Starts 1600 ST"]
[Site "Infinity Chess"]
[Date "2018.1.18"]
[Round "6"]
[White "KULLANI"]
[Black "Dovahkiin"]
[Result "0-1 "]
[ECO "B23"]
[WhiteElo "2451"]
[BlackElo "2421"]
[WhiteEngine "BrainFish_180113_x64_CTG"]
[BlackEngine "BrainFish_180113_x64_modern_CTG"]
[EventType "Swiss"]
[WhiteTeam ""]
[BlackTeam ""]
[PlyCount "122"]
[TimeControl "720+1"]

1. e4 c5 2. Nc3 d6 3. Nf3 Nf6 4. d4 cxd4 5. Nxd4 a6 6. Be3 e5 7. Nb3 Be6 
8. f3 h5 9. Qd2 Nbd7 10. Nd5 Bxd5 11. exd5 g6 12. Be2 Bg7 13. O-O b6 14. c4 O-O 
15. Rae1 Re8 16. Bf2 Qc7 17. Bd3 Kh7 18. a4 Bh6 19. Qd1 Bg5 20. Nd2 Nc5 
21. Bc2 Kg7 22. h4 Bh6 23. Nb1 b5 24. cxb5 axb5 25. axb5 Qa5 26. Na3 Qb4 
27. Qe2 Rac8 28. Rd1 Red8 29. g3 Qxb2 30. Nc4 Qxb5 31. Rb1 Qe8 32. Rb6 Qe7 
33. Rd1 e4 34. fxe4 Ng4 35. Rc6 Nd7 36. Kg2 Kh7 37. Bd4 Bg7 38. Nxd6 Rxc6 
39. dxc6 Qxd6 40. Bxg7 Qxc6 41. Bd4 Qe6 42. Rb1 Ndf6 43. Bb3 Qe7 44. Bxf6 Nxf6 
45. Rf1 Rd7 46. e5 Qb4 47. Rf4 Qxb3 48. Rxf6 Kg7 49. Kh2 Qc3 50. Rd6 Rb7 
51. Rd3 Rb2 52. Rxc3 Rxe2+ 53. Kg1 Rxe5 54. Kf2 Kf6 55. Rc7 Rb5 56. Ke3 Rb3+ 
57. Kf4 Ra3 58. Rc6+ Kg7 59. Rc1 Ra4+ 60. Ke3 Ra3+ 61. Kf4 Ra4+ 0-1